Map: Deathaura LE

Players

Smile - Winner!

  • Race: Terran Terran
  • League: Master
  • Spawn Location: 5:00

ExehnTV

  • Race: Protoss Protoss
  • League: Grandmaster
  • Spawn Location: 11:00

VOD

Have the link to the VOD?

Description

Time

  • Played on: July 24, 2020, 5:34 a.m.
  • Length: 7:37
Show
View Real Time Build Order
Export as new Build Order

Smile Terran - Winner!

Build Orders: Reaper Expand 

Get SALT Encoding   

  12  0:00  SCV  
  13  0:13  SCV  
  14  0:17  Supply Depot  
  14  0:25  SCV  
  15  0:38  SCV  
  15  0:39  Barracks  
  16  0:43  Refinery  
  16  0:53  SCV  
  17  1:05  SCV  
  19  1:29  Orbital Command  
  19  1:30  Reaper  
  19  1:37  Command Center  
  19  1:47  Supply Depot  
  19  1:54  SCV  
  20  2:02  Marine  
  20  2:08  SCV  
  22  2:11  Factory  
  22  2:23  Barracks Reactor, Bunker  
  22  2:25  SCV  
  23  2:31  Refinery  
  23  2:37  SCV  
  24  2:50  Orbital Command, SCV  
  25  2:58  Starport  
  26  3:05  SCV  
  26  3:09  Barracks Tech Lab  
  26  3:10  Hellion x2  
  30  3:17  SCV x2  
  30  3:19  Refinery  
  32  3:29  SCV  
  32  3:31  Hellion x2  
  37  3:37  Barracks Tech Lab, SCV  
  37  3:38  Supply Depot  
  38  3:44  Raven  
  38  3:46  SCV  
  41  3:51  SCV  
  42  3:58  SCV  
  43  4:03  SCV  
  43  4:04  Marine x2  
  43  4:05  Siege Tank  
  43  4:07  Supply Depot  
  49  4:13  SCV  
  49  4:15  Barracks  
  50  4:22  Barracks  
  50  4:27  SCV x2  
  50  4:28  Marine x2  
  54  4:37  Siege Tank  
  57  4:39  SCV  
  48  4:45  Marine  
  48  4:46  Marine  
  48  4:47  SCV  
  48  4:51  SCV  
  47  4:58  Engineering Bay  
  48  5:00  SCV  
  48  5:01  Viking  
  48  5:04  SCV  
  48  5:05  Marine x2  
  53  5:12  SCV  
  54  5:16  SCV  
  54  5:17  Stimpack  
  54  5:18  Barracks Tech Lab  
  54  5:20  Marine  
  56  5:28  Supply Depot  
  56  5:31  Factory Reactor, SCV x2  
  56  5:34  Missile Turret  
  58  5:40  Starport Reactor  
  58  5:43  SCV x2  
  58  5:49  Marine x2  
  62  5:50  Marine  
  62  5:51  Marine  
  62  5:55  Supply Depot, SCV x2  
  66  5:57  Combat Shield  
  66  6:01  Supply Depot  
  66  6:07  Marine, SCV  
  68  6:12  Widow Mine  
  68  6:13  Supply Depot  
  68  6:17  Marine x2, Widow Mine, Marauder  
  76  6:24  Supply Depot  
  76  6:26  Medivac x2  
  76  6:27  Marine  
  81  6:34  Supply Depot  
  81  6:35  Marauder  
  81  6:38  Widow Mine  
  81  6:39  Marauder, Widow Mine  
  89  6:44  Marine  
  90  6:51  Command Center  
  91  6:54  SCV  
  91  6:55  Supply Depot  
  91  6:57  Marauder  
  91  6:59  Marine  
  91  7:00  Marauder  
  83  7:16  SCV x2  
  83  7:17  Marine  
Show
View Real Time Build Order
Export as new Build Order

ExehnTV Protoss 

Build Orders: 1 Gate Expand, Dark Templar Rush 

Get SALT Encoding   

  12  0:02  Probe  
  14  0:14  Probe  
  14  0:18  Pylon  
  14  0:25  Probe  
  15  0:33  Probe  
  15  0:40  Gateway  
  15  0:41  Probe  
  17  0:50  Assimilator  
  17  0:52  Probe  
  18  1:04  Probe  
  19  1:16  Probe  
  20  1:28  Cybernetics Core  
  21  1:34  Nexus  
  20  1:41  Pylon  
  20  1:44  Probe  
  21  1:49  Assimilator  
  21  1:54  Stalker  
  21  1:56  Probe  
  22  2:04  Warp Gate  
  22  2:08  Probe  
  25  2:20  Probe  
  26  2:24  Twilight Council  
  26  2:28  Probe  
  26  2:36  Probe  
  27  2:42  Robotics Facility  
  28  2:44  Probe  
  28  2:46  Probe  
  30  2:52  Probe  
  31  2:58  Probe  
  33  3:06  Gateway  
  33  3:10  Gateway  
  33  3:11  Probe  
  34  3:16  Dark Shrine  
  34  3:17  Probe  
  34  3:21  Warp Prism  
  34  3:26  Probe  
  35  3:33  Probe  
  38  3:40  Probe  
  39  3:43  Assimilator  
  39  3:45  Assimilator  
  39  3:47  Probe  
  39  3:52  Probe  
  39  3:55  Probe  
  41  3:56  Pylon  
  41  4:00  Observer  
  43  4:03  Probe  
  43  4:04  Pylon, Probe  
  45  4:15  Probe  
  45  4:16  Probe  
  47  4:24  Stalker  
  49  4:27  Probe  
  49  4:28  Probe  
  49  4:30  Dark Templar  
  49  4:31  Dark Templar  
  49  4:36  Probe  
  42  4:40  Probe  
  42  4:44  Probe  
  36  4:46  Charge  
  36  4:52  Probe  
  36  4:54  Probe  
  36  4:55  Shadow Stride  
  37  5:04  Probe  
  38  5:16  Dark Templar x2  
  42  5:32  Gateway x2  
  42  5:38  Zealot  
  42  5:40  Probe x2  
  46  5:49  Zealot  
  48  5:50  Zealot  
  48  5:53  Probe  
  48  5:56  Pylon  
  51  6:05  Probe  
  52  6:13  Dark Templar x2  
  52  6:14  Dark Templar  
  58  6:40  Stalker  
  58  6:42  Stalker  
  58  6:46  Stalker  
  64  6:47  Zealot x2  
  64  6:50  Pylon  
  46  7:20  Zealot x3  
  46  7:21  Zealot x2  
Tags
 
Add a new tag
Caveats
  • Supply blocks, unpowered buildings, or Contaminate may cause inaccurate times.
  • Supply counts are checked every 10 seconds.